Match 45265771
Unlisted

Match 45265771
End
Construct Infanterie Kompanie
Selects Terror Battlegroup
Selects Heavy Gunnery
MG 42 Machine Gun Team
Grenadier Squad
Grenadier Squad
MG 42 Machine Gun Team
Construct Luftwaffe Kompanie
Medical Station
Support Elements
Grenadier Squad
Wirbelwind Flakpanzer
Selects Defend the Fatherland
Grenadier Squad
Construct Panzergrenadier Kompanie
StuG III G Assault Gun
Pak 40 Anti-tank Gun Team
Construct Panzer Kompanie
Stoßtruppen Squad
Stoßtruppen Squad
Panzer Officer Quarters
MG 42 Bunker
Selects King Tiger Heavy Tank
Selects Interrogate
King Tiger Heavy Tank
MG 42 Machine Gun Team
Pioneer Squad
Selects Propaganda Leaflet Drop
Pioneer Squad
Defend the Fatherland
[QSA] Aerocrastic
Yisus
Henkolicious
ionwood
WHO IS YOUR DADDY?
LOS DIABLES DEL RIOCON LECHE
[KZR]Rjut
joker
0
0

Comments sign in to comment!

No comments posted yet!